 Dungeon Crawl Stone Soup version 0.24.0-2-g5b39cebb1c (webtiles) character file.

Game seed: 13068052116300818522, levelgen mode: deterministic

202 Aviak the Poker (level 5, -1/43 HPs)
             Began as a Merfolk Abyssal Knight on Oct 30, 2019.
             Was a Priest of Lugonu.
             Slain by Grinder (3 damage)
             ... while paralysed by Grinder
             ... on level 4 of the Dungeon.
             The game lasted 00:05:18 (3331 turns).

Aviak the Poker (Merfolk Abyssal Knight)            Turns: 3331, Time: 00:05:19

Health: -1/43      AC:  6    Str: 12    XL:     5   Next: 80%
Magic:  7/7        EV:  2    Int: 12    God:    Lugonu [***...]
Gold:   195        SH:  0    Dex: 14    Spells: 4/4 levels left

rFire    . . .     SeeInvis .   a - +2 spear
rCold    . . .     Gourm    .   t - +1 buckler
rNeg     . . .     Faith    .   b - +0 leather armour
rPois    .         Spirit   .   o - +0 helmet
rElec    .         Reflect  .   u - +0 cloak
rCorr    .         Harm     .   (no gloves)
MR       .....                  f - +0 pair of boots
Stlth    +.........             x - amulet of magic regeneration
HPRegen  0.14/turn              p - ring of flight
MPRegen  0.35/turn              (no ring)

@: paralysed
A: change form in water, swift swim, stealthy swim
a: Depart the Abyss, Bend Space, Banish, Renounce Religion, Evoke Flight


You were on level 4 of the Dungeon.
You worshipped Lugonu.
Lugonu was most pleased with you.
You were not hungry.

You visited 1 branch of the dungeon, and saw 4 of its levels.
You visited the Abyss 1 time.

You collected 195 gold pieces.

Inventory:

Hand Weapons
 a - a +2 spear (weapon)
Armour
 b - a +0 leather armour (worn)
 f - a +0 pair of boots (worn)
 o - a +0 helmet (worn)
 t - a +1 buckler (worn)
 u - a +0 cloak (worn)
Jewellery
 p - a ring of flight (left hand)
 x - an amulet of magic regeneration (around neck)
Scrolls
 d - a scroll of immolation
 i - a scroll of identify
 k - a scroll of fog {unknown}
 m - a scroll of teleportation {unknown}
 n - a scroll of noise {unknown}
 q - a scroll of blinking {unknown}
 r - a scroll of remove curse
Potions
 c - 3 potions of curing
 e - a potion of haste {unknown}
 h - a potion of heal wounds
 l - a potion of lignification {unknown}
 s - a potion of degeneration {unknown}
 v - a potion of flight {unknown}
 w - 2 potions of ambrosia {unknown}
Comestibles
 g - 5 chunks of flesh
 j - 5 rations


   Skills:
 + Level 4.3 Fighting
 + Level 4.6 Polearms
 - Level 1.0 Armour
 + Level 4.2 Dodging
 + Level 1.2 Shields
 + Level 3.3 Invocations


You had 4 spell levels left.
You didn't know any spells.
Your spell library was empty.

Dungeon Overview and Level Annotations

Branches:
Dungeon (4/15)
 Temple: D:4-7

Altars:
Ru
Xom

Annotations:
D:4 Grinder


Message History

Grinder is heavily wounded.
Grinder misses you.
You closely miss Grinder.
Grinder is heavily wounded.
Grinder hits you.
You hit Grinder but do no damage.
Grinder is heavily wounded.
Grinder gestures at you.
You suddenly lose the ability to move!
Grinder hits you.
You writhe in agony.
Grinder hits you.
You writhe in agony.
Grinder hits you.
You writhe in agony.
Grinder hits you.
* * * LOW HITPOINT WARNING * * *
Grinder hits you.
* * * LOW HITPOINT WARNING * * *
Grinder hits you.
* * * LOW HITPOINT WARNING * * *
Grinder hits you.
You die...

#.####.........# #.+.#..#
#.........#...#+ #.#.#..#
#.####.........# #.#.#..#
#.#.###........###.#.#..#
#.#...'#........##.#.#..#
#.#...)#...#'#.....#.#..#
#.##.).#..##.#####.#.#..#
#.##...#รท##.(.#..#.#.#
##.####.#.#...5@.##...#
#..######.#########...#
#.....................#
#..###)...#.##<...#####
##.##.....#...........
#.##.....############
#.##.........
#.##..........
#...........#.#


You could see Grinder.

Vanquished Creatures
  A hound (D:4)
  Robin (D:2)
  A gnoll (D:2)
  8 adders
  An ooze (D:1)
  2 worms
  A dart slug (D:1)
  A leopard gecko (D:3)
  6 orcs
  8 bats
  2 giant cockroaches
  12 goblins
  4 hobgoblins
  2 jackals (D:2)
  2 quokkas
  2 ball pythons
  2 frilled lizards
  A jackal skeleton (D:3)
  3 kobolds
  6 rats
66 creatures vanquished.

Notes
Turn   | Place    | Note
-------+----------+-------------------------------------------
     0 | Abyss:1  | Aviak the Merfolk Abyssal Knight began the quest for the
                  | Orb.
     0 | Abyss:1  | Reached XP level 1. HP: 18/18 MP: 2/2
    59 | D:1      | Escaped the Abyss
   312 | D:1      | Reached XP level 2. HP: 24/24 MP: 3/3
   812 | D:2      | Reached skill level 1 in Armour
   816 | D:2      | Noticed Robin
   848 | D:2      | Reached XP level 3. HP: 13/29 MP: 4/4
   855 | D:2      | Killed Robin
  1111 | D:2      | Found a sacrificial altar of Ru.
  1212 | D:2      | Reached ** piety under Lugonu
  1433 | D:2      | Reached XP level 4. HP: 21/37 MP: 4/6
  1828 | D:3      | Found a shimmering altar of Xom.
  2439 | D:3      | Reached XP level 5. HP: 42/42 MP: 7/7
  2772 | D:3      | Found a shimmering altar of Xom.
  2774 | D:3      | Found a shimmering altar of Xom.
  2776 | D:3      | Found a shimmering altar of Xom.
  2776 | D:3      | Found a shimmering altar of Xom.
  2776 | D:3      | Found a shimmering altar of Xom.
  2779 | D:3      | Found a shimmering altar of Xom.
  3088 | D:4      | Reached *** piety under Lugonu
  3121 | D:4      | Reached skill level 1 in Shields
  3272 | D:4      | Noticed Grinder
  3306 | D:4      | Paralysed by Grinder for 7 turns
  3324 | D:4      | Paralysed by Grinder for 7 turns
  3330 | D:4      | HP: 2/43 [Grinder (6)]
  3331 | D:4      | Slain by Grinder

Levels and vault maps discovered:
D:1:      minmay_arrival_plants_in_alcoves, layout_loops_ring
D:2:      layout_loops_ring, nicolae_ru_sacrificial_ziggurat,
          cheibrodos_gnoll_hut, uniq_robin
D:3:      layout_basic, first_ration, nicolae_xom_altar_mimics
D:4:      layout_basic, serial_bayou_pond_d, minivault_11, minmay_pentangle,
          uniq_pikel, uniq_grinder

Skill      XL: |  1  2  3  4  5 |
---------------+----------------+-----
Dodging        | 3 4 |  4.2
Armour         | 1 |  1.0
Polearms       | 4 |  4.6
Fighting       | 4 |  4.3
Invocations    | 3 |  3.3
Shields        | 1 |  1.2

Action                   |  1- 3 |  4- 6 || total
-------------------------+-------+-------++-------
Melee: Spear             |   124 |   167 ||   291
  Use: Potion            |     1 |     2 ||     3
       Scroll            |       |     6 ||     6
 Stab: Sleeping          |     1 |     1 ||     2
  Eat: Chunk             |     2 |     6 ||     8
Armor: Leather armour    |    26 |    42 ||    68
Dodge: Dodged            |    59 |    91 ||   150
Block: Buckler           |       |    14 ||    14
